Map: Romanticide LE

Players

耗子尾汁

  • Race: Zerg Zerg
  • League: Platinum
  • Spawn Location: 11:00

FLORENCIO - Winner!

  • Race: Terran Terran
  • League: Bronze
  • Spawn Location: 5:00

VOD

Have the link to the VOD?

Description

Time

  • Played on: March 20, 2021, 3:32 a.m.
  • Length: 21:24
Show
View Real Time Build Order
Export as new Build Order

耗子尾汁 Zerg 

Build Orders: Hatch First 

Get SALT Encoding   

  12  0:00  Drone  
  13  0:13  Overlord  
  13  0:17  Drone  
  14  0:31  Extractor x2, Drone x2  
  16  0:38  Drone  
  17  0:55  Hatchery  
  16  1:01  Drone x2  
  18  1:05  Extractor  
  18  1:10  Drone  
  18  1:21  Spawning Pool  
  17  1:29  Drone x2  
  19  1:40  Overlord  
  19  1:49  Evolution Chamber  
  19  1:50  Drone  
  20  2:01  Drone  
  20  2:08  Queen  
  20  2:10  Queen  
  20  2:12  Zergling x2  
  25  2:22  Spine Crawler  
  24  2:26  Zergling x2  
  25  2:34  Spine Crawler  
  24  2:40  Zergling x4  
  24  2:47  Metabolic Boost  
  21  3:22  Drone x3  
  21  3:23  Spine Crawler  
  21  3:24  Spine Crawler  
  22  3:27  Drone  
  22  3:28  Drone  
  22  3:29  Drone  
  25  3:36  Drone  
  26  3:43  Zerg Melee Weapons Level 1  
  25  3:50  Extractor  
  25  3:54  Lair  
  24  4:07  Zergling x2  
  24  4:08  Zergling x6  
  28  4:15  Baneling Nest  
  27  4:45  Drone  
  27  4:46  Drone x2  
  27  4:50  Hatchery  
  29  4:59  Baneling  
  29  5:00  Baneling x3  
  29  5:03  Baneling  
  29  5:05  Zergling x2  
  29  5:06  Overlord  
  23  5:45  Zergling x2  
  23  5:46  Zergling x10  
  23  5:47  Zergling x6  
  32  5:56  Queen  
  34  6:00  Zergling x2  
  35  6:05  Baneling x4  
  35  6:06  Baneling x2  
  35  6:08  Zergling x2  
  36  6:14  Drone  
  36  6:16  Drone x3  
  41  6:18  Zergling x2  
  32  6:54  Zerg Melee Weapons Level 2  
  32  7:05  Zergling x2  
  32  7:06  Zergling x8  
  37  7:16  Zergling x2  
  37  7:18  Zergling x2  
  37  7:20  Zergling x2  
  37  7:21  Hatchery  
  40  7:22  Zergling x2  
  40  7:23  Zergling x2  
  40  7:24  Zergling x2  
  42  7:34  Spore Crawler  
  42  7:35  Spore Crawler  
  40  7:41  Overseer  
  40  7:52  Overseer  
  40  8:16  Baneling x6  
  40  8:17  Baneling x2  
  40  8:19  Centrifical Hooks  
  40  8:25  Drone  
  40  8:26  Drone x2  
  28  8:56  Zergling x14  
  28  8:57  Zergling x2  
  36  9:04  Zergling x2  
  36  9:05  Zergling x4  
  39  9:19  Drone x4  
  43  9:31  Baneling x3  
  43  9:32  Baneling x11  
  43  9:35  Drone  
  43  9:51  Spore Crawler  
  34  9:53  Spore Crawler  
  22  10:24  Drone x9  
  31  10:40  Infestation Pit  
  31  10:41  Drone  
  31  10:51  Queen  
  33  11:03  Extractor x2, Drone x3  
  34  11:08  Drone  
  34  11:09  Drone  
  36  11:20  Hive  
  33  11:41  Drone  
  33  11:42  Drone x7  
  41  11:49  Drone x2  
  43  12:20  Overlord x2  
  43  12:21  Overlord x4  
  43  12:35  Ultralisk Cavern  
  41  12:58  Spore Crawler  
  40  13:08  Ultralisk Cavern  
  39  13:35  Chitinous Plating  
  39  13:37  Ultralisk x4  
  69  13:48  Ultralisk  
  69  14:05  Zerg Ground Armor Level 1  
  69  14:09  Drone x2  
  71  14:19  Zergling x2  
  71  14:20  Zergling x4  
  74  14:26  Hatchery  
  46  15:26  Ultralisk x4  
  70  15:30  Zergling x4  
  66  15:44  Zergling x10  
  66  15:45  Zergling x10  
  76  15:58  Overseer x3  
  76  15:59  Overseer x2  
  54  16:45  Overlord x3  
  54  16:46  Overlord x3  
  54  17:06  Drone x5  
  59  17:12  Anabolic Synthesis  
  59  17:20  Extractor x2  
  57  17:28  Drone x6  
  63  17:49  Ultralisk x2  
  75  18:02  Spore Crawler  
  75  18:04  Spore Crawler  
  70  18:21  Ultralisk Cavern  
  70  18:26  Spore Crawler x2  
  67  18:27  Spore Crawler  
  59  19:01  Ultralisk  
  59  19:02  Ultralisk x2  
  77  19:14  Hatchery  
  58  19:26  Swarm Host  
  58  19:27  Ultralisk  
  67  19:31  Drone  
  67  19:32  Drone x5  
  73  19:44  Drone x3  
  73  19:45  Drone  
  76  20:22  Overlord x4  
  76  20:23  Overlord x2  
  76  20:44  Spire  
  76  20:45  Drone x3  
Show
View Real Time Build Order
Export as new Build Order

FLORENCIO Terran - Winner!

Build Orders:  

Get SALT Encoding   

  12  0:02  SCV  
  14  0:14  SCV  
  14  0:22  Supply Depot  
  14  0:26  SCV  
  15  0:44  SCV  
  16  0:54  Barracks  
  16  0:56  Barracks  
  16  1:00  SCV  
  17  1:12  SCV  
  18  1:20  Refinery  
  18  1:21  Supply Depot  
  18  1:24  SCV  
  19  1:37  SCV  
  20  1:43  Bunker  
  20  1:45  Marine, Bunker  
  21  1:53  Marine  
  22  2:02  SCV  
  22  2:03  Marine  
  24  2:15  Bunker  
  24  2:21  Marine  
  25  2:23  SCV  
  26  2:32  Factory  
  26  2:38  Marine  
  27  2:49  Bunker  
  27  2:54  SCV  
  27  2:56  Marine  
  29  3:06  SCV  
  30  3:14  Marine  
  31  3:29  Command Center  
  31  3:36  Starport  
  31  4:01  Engineering Bay  
  31  4:03  Refinery  
  31  4:10  Engineering Bay  
  31  4:14  Starport Tech Lab  
  31  4:18  Factory Tech Lab  
  31  4:38  Supply Depot  
  31  4:41  Planetary Fortress  
  31  4:42  Supply Depot  
  31  4:46  Refinery  
  31  5:03  Planetary Fortress  
  31  5:06  Hellion  
  33  5:12  Supply Depot  
  33  5:17  Command Center  
  33  5:28  Hellion  
  34  5:31  Bunker  
  33  5:51  Banshee  
  36  5:58  SCV x2  
  38  6:06  Widow Mine  
  38  6:10  SCV  
  38  6:11  SCV  
  42  6:23  SCV x2  
  42  6:24  Armory  
  44  6:28  Widow Mine  
  44  6:35  SCV x2  
  42  6:50  Marine  
  42  6:52  SCV x2  
  45  7:04  SCV  
  45  7:05  SCV  
  47  7:25  Liberator  
  47  7:28  SCV  
  47  7:29  SCV  
  52  7:30  SCV  
  53  7:41  SCV  
  53  7:42  SCV  
  57  7:44  Widow Mine  
  57  7:49  Factory  
  57  7:50  Factory, SCV  
  58  7:53  SCV  
  58  7:54  Factory, SCV  
  60  8:02  SCV  
  60  8:05  SCV  
  62  8:06  SCV  
  62  8:08  Liberator  
  66  8:17  SCV  
  68  8:21  Planetary Fortress, Command Center  
  67  8:29  Corvid Reactor  
  67  8:32  SCV x2  
  68  8:42  Refinery  
  68  8:44  SCV  
  68  8:45  SCV  
  68  8:51  Liberator  
  67  8:57  SCV  
  68  9:10  Supply Depot x2  
  68  9:11  Supply Depot  
  68  9:21  Widow Mine x4  
  68  9:23  Drilling Claws  
  76  9:30  Missile Turret  
  76  9:31  Starport  
  76  9:32  Missile Turret  
  76  9:34  SCV  
  77  9:42  Widow Mine  
  77  9:43  Widow Mine x3  
  85  9:46  SCV  
  86  9:58  SCV  
  87  10:04  Widow Mine  
  87  10:06  Supply Depot  
  87  10:10  SCV  
  87  10:13  SCV  
  86  10:21  Widow Mine x3  
  87  10:22  SCV  
  87  10:25  SCV, Widow Mine  
  91  10:42  Widow Mine x3  
  97  10:46  Widow Mine  
  99  10:53  Supply Depot  
  99  10:55  Supply Depot  
  99  10:56  Supply Depot  
  99  10:59  SCV x3  
  99  11:00  Supply Depot  
  99  11:03  Refinery, Widow Mine  
  99  11:04  Widow Mine x2, Refinery  
  108  11:08  Widow Mine  
  108  11:11  SCV x3  
  113  11:23  SCV  
  113  11:25  Widow Mine x3  
  116  11:29  Widow Mine  
  118  11:35  SCV  
  119  11:46  Widow Mine x3  
  125  11:48  Starport Tech Lab, Raven  
  125  11:51  Widow Mine  
  129  11:54  Starport  
  129  11:55  Starport  
  129  11:56  Starport  
  129  12:02  Planetary Fortress  
  129  12:05  Missile Turret  
  129  12:07  Missile Turret x2  
  129  12:26  Raven  
  129  12:28  Missile Turret  
  131  12:32  Refinery  
  131  12:34  Refinery  
  131  12:38  SCV x2  
  131  12:39  Ghost Academy, SCV x2  
  131  12:41  Ghost Academy  
  135  12:51  Starport Tech Lab  
  135  12:52  Starport Tech Lab x2  
  135  12:54  Raven  
  137  13:06  Missile Turret  
  137  13:07  Missile Turret x2  
  137  13:08  Factory Tech Lab x2, Raven  
  137  13:09  Factory Tech Lab  
  139  13:13  Barracks Tech Lab  
  139  13:15  Personal Cloaking  
  139  13:17  Nuke  
  136  13:37  Raven  
  135  13:46  Raven x2  
  139  13:50  Ghost Academy  
  139  13:51  Ghost  
  139  13:54  SCV  
  142  14:00  Thor  
  148  14:16  Supply Depot x2  
  148  14:18  Supply Depot  
  148  14:20  Supply Depot  
  148  14:21  Command Center  
  148  14:24  Supply Depot  
  148  14:37  SCV  
  149  14:41  Nuke  
  149  14:50  SCV  
  150  15:02  SCV  
  151  15:14  SCV  
  151  15:26  SCV  
  147  15:45  Raven x4  
  157  15:51  Medivac  
  157  15:53  Thor x4  
  181  15:58  Command Center  
  181  15:59  Command Center x2  
  181  16:03  Command Center  
  181  16:09  Command Center  
  181  16:10  Missile Turret  
  177  16:21  Medivac  
  179  16:27  Raven x2  
  179  16:28  Raven  
  185  16:52  Ghost  
  187  16:58  Planetary Fortress  
  187  17:00  Barracks  
  187  17:10  Medivac  
  187  17:12  Missile Turret x2, Refinery  
  187  17:13  Refinery  
  187  17:14  Missile Turret  
  189  17:21  Ghost  
  191  17:23  Planetary Fortress  
  191  17:24  Planetary Fortress x2  
  191  17:28  Medivac  
  187  18:25  Nuke  
  175  19:30  Nuke x2, Ghost  
  175  19:35  Medivac x2  
  175  19:36  Thor x2  
  175  19:37  Thor  
  197  19:43  Command Center  
  197  19:56  Medivac  
Tags
 
Add a new tag
Caveats
  • Supply blocks, unpowered buildings, or Contaminate may cause inaccurate times.
  • Supply counts are checked every 10 seconds.